 Dungeon Crawl Stone Soup version 0.30-a0-883-g5ad918d77d (webtiles) character file.

Game seed: 10846929200970015576

25 iguanaiguana the Chiller (level 2, -14/21 HPs)
             Began as an Armataur Ice Elementalist on Mar 16, 2023.
             Demolished by a sleepcap (19 damage)
             ... on level 5 of the Dungeon.
             The game lasted 00:03:55 (499 turns).

iguanaiguana the Chiller (Armataur Ice Elementalist) Turns: 499, Time: 00:03:56

Health: -14/21     AC:  4    Str: 17    XL:     2   Next: 82%
Magic:  1/3        EV:  1    Int: 14    God:
Gold:   38         SH:  0    Dex:  9    Spells: 3/4 levels left

rFire   . . .      SeeInvis .    f - +0 short sword
rCold   . . .      Faith    .    (no shield)
rNeg    . . .      Spirit   .    a - +0 robe
rPois   .          Reflect  .    (no helmet)
rElec   .          Roll     +    (no cloak)
rCorr   .                        (no gloves)
Will    .....                    (no barding)
Stlth   ++                       (no amulet)
HPRegen 0.23/turn                (no ring)
MPRegen 0.08/turn                (no ring)

@: brilliant, sleeping, attractive
A: large, rugged brown scales 3, deformed body, armoured tail, roll, long
tongue, awkward tongue, low MP 2, strong 1
a: no special abilities


You were on level 5 of the Dungeon.
You visited 1 branch of the dungeon, and saw 4 of its levels.

You collected 38 gold pieces.

Inventory:

Hand Weapons
 f - a +0 short sword (weapon)
Armour
 a - a +0 robe (worn)
Scrolls
 c - a scroll of identify {@r1}
 g - a scroll of magic mapping {@r5}
 k - a scroll of immolation {unknown}


   Skills:
 - Level 1.3 Dodging
 - Level 2.1 Stealth
 - Level 1.7 Spellcasting
 + Level 4.4 Ice Magic


You had 3 spell levels left.
You knew the following spells:

 Your Spells              Type           Power      Damage    Failure   Level
a - Freeze                Ice            80%        1d9       3%          1

Your spell library contained the following spells:

 Spells                   Type           Power      Damage    Failure   Level
 Frozen Ramparts          Ice            40%        1d7       12%         3
 Ozocubu's Armour         Ice            20%        N/A       12%         3
 Summon Ice Beast         Ice/Summ       11%        N/A       67%         4


Dungeon Overview and Level Annotations

Branches:
Dungeon (3/15) Zot: 23500

Altars:
Ashenzari
Dithmenos


Innate Abilities, Weirdness & Mutations

You are completely covered in rugged brown scales. (AC +3, +7% HP)
Armour fits poorly on your strangely shaped body.
You have a long armoured tail.
You roll when moving toward enemies. (Rampage)
Your long tongue fully drains potion bottles. (2x potion effects)
Your tongue gives you trouble enunciating. (1.5x scroll delay)
Your magical capacity is very low. (-20% MP)
Your muscles are strong. (Str +4, Int/Dex -1)


Message History

Casting: Freeze (safe; 3% risk of failure)
Confirm with . or Enter, or press ? or * to list all spells.
Aiming: Freeze (safe; 3% risk of failure)
Press: ? - help, Shift-Dir - straight line, f/p - sleepcap
Aim: a sleepcap (heavily damaged)
You feel a surge of power!
You freeze the sleepcap.
The sleepcap is heavily damaged.
The sleepcap releases spores at you.
You are engulfed in a cloud of soporific spores!
You are unaffected.
Casting: Freeze (safe; 3% risk of failure)
Confirm with . or Enter, or press ? or * to list all spells.
Aiming: Freeze (safe; 3% risk of failure)
Press: ? - help, Shift-Dir - straight line, f/p - sleepcap
Aim: a sleepcap (heavily damaged)
You feel a surge of power!
You freeze the sleepcap.
The sleepcap is heavily damaged.
The sleepcap releases spores at you.
* * * LOW HITPOINT WARNING * * *
You are engulfed in a cloud of soporific spores!
You are unaffected.
Casting: Freeze (safe; 3% risk of failure)
Confirm with . or Enter, or press ? or * to list all spells.
Aiming: Freeze (safe; 3% risk of failure)
Press: ? - help, Shift-Dir - straight line, f/p - sleepcap
Aim: a sleepcap (heavily damaged)
You feel a surge of power!
You freeze the sleepcap.
The sleepcap is severely damaged.
You aren't carrying any potions.
As you slowly read the scroll labelled LYZICETINE, it crumbles to dust.
It is a scroll of identify.
g - a scroll of magic mapping This is a scroll of acquirement!
Something appears at your feet! The sleepcap releases spores at you.
* * * LOW HITPOINT WARNING * * *
You are engulfed in a cloud of soporific spores!
You fall asleep.
The sleepcap releases spores at you!!
Ouch! That really hurt!
You die...

###################
.......@..........#
##.....f#.......#.#
##....$#......##.#
##....#.....##..#
##...#....##...#
##..#...##....#
##.#..##.....#
######......#
#...#.......#


You could see a sleepcap.

Vanquished Creatures
  A dart slug (D:1)
  2 endoplasms
  3 goblins
  3 hobgoblins
  4 jackals (D:1)
  3 kobolds
  2 frilled lizards
  3 rats
21 creatures vanquished.

Notes
Turn   | Place    | Note
-------+----------+-------------------------------------------
     0 | D:1      | iguanaiguana the Armataur Ice Elementalist began the quest
                  | for the Orb.
     0 | D:1      | Reached XP level 1. HP: 14/14 MP: 3/3
   163 | D:1      | Reached skill level 4 in Ice Magic
   192 | D:1      | Reached XP level 2. HP: 16/21 MP: 1/4
   383 | D:3      | Found a shadowy altar of Dithmenos.
   452 | D:3      | You fall into a shaft and drop 2 floors!
   452 | D:5      | Entered Level 5 of the Dungeon
   456 | D:5      | Found a broken altar of Ashenzari.
   490 | D:5      | Gained mutation: Your magical capacity is low. (-10% MP)
                  | [potion of mutation]
   490 | D:5      | Gained mutation: Your magical capacity is very low. (-20%
                  | MP) [potion of mutation]
   490 | D:5      | Gained mutation: Your mind is acute. (Int +4, Str/Dex -1)
                  | [potion of mutation]
   490 | D:5      | Gained mutation: Your magical capacity is extremely low.
                  | (-30% MP) [potion of mutation]
   490 | D:5      | Lost mutation: Your mind is acute. (Int +4, Str/Dex -1)
                  | [potion of mutation]
   490 | D:5      | Lost mutation: Your magical capacity is extremely low.
                  | (-30% MP) [potion of mutation]
   490 | D:5      | Gained mutation: Your muscles are strong. (Str +4, Int/Dex
                  | -1) [potion of mutation]
   499 | D:5      | Identified a scroll of acquirement
   499 | D:5      | Acquired the +7 rapier of the Eight Mice {flame, Dex+4}
   499 | D:5      | Demolished by a sleepcap

Illustrated notes

Levels and vault maps discovered:
D:1:      tekkud_arrival_beachfront_property, layout_loops_corners
D:2:      layout_loops_ring, basic_altar, uniq_natasha
D:3:      layout_rooms, nicolae_dithmenos_shadow_blocks,
          mainiacjoe_overflow_large_starburst
D:5:      layout_layer_cave, mainiacjoe_overflow_alcove_4,
          nicolae_ashenzari_panopticon, minmay_liquid_box

Skill      XL: |  1 |
---------------+----+-----
Ice Magic      | 4 |  4.4
Dodging        | |  1.3
Stealth        | |  2.1
Spellcasting   | |  1.7

Action                     || total
---------------------------++-------
  Melee: Short sword       ||    13
         Unarmed           ||     1
         Tailslap          ||     2
   Cast: Freeze            ||    29
    Use: Potion            ||     5
         Scroll            ||     2
   Stab: Sleeping          ||     1
 Armour: Robe              ||    16
  Dodge: Dodged            ||    23

Table legend: (Time is in decaauts)
 A = Elapsed time spent in this place.
 B = Non-inter-level travel time spent in this place.
 C = Inter-level travel time spent in this place.
 D = Time resting spent in this place.
 E = Time spent auto-exploring this place.
 F = Levels seen in this place.
 G = Mean time per level.
                   A        B        C        D        E       F      G
               +--------+--------+--------+--------+--------+-----+--------+
         Total |    498 |    459 |     39 |      0 |      0 |   4 |  124.5 |
       Dungeon |    498 |    459 |     39 |      0 |      0 |   4 |  124.5 |
               +--------+--------+--------+--------+--------+-----+--------+

Top non-repeatable levels by time:
     D:1: 339 daAuts
     D:3: 76 daAuts
     D:5: 47 daAuts
     D:2: 34 daAuts
